SA
MANCELONA TORCH @ PHOENIX HOTSPUR U-21
07/05/2026
 
TOP OF THE 1ST
Mancelona Torch batting - Pitching for Phoenix Hotspur U-21 : LHP Ismael Lara
Pitching: LHP Ismael Lara
Batting: LHB José Hernández 0-0: Ball
1-0: Called Strike
1-1: Ball
2-1: Ball
3-1: Swinging Strike
3-2: Base on Balls
Batting: RHB Blake Snow 0-0: Ball
1-0: Foul Ball, location: 2F
1-1: Grounds into double play, 5-4-3 (Groundball, 56)
Batting: RHB Todd Sentell 0-0: Ball
1-0: Ground out 5-3 (Groundball, 56)
Top of the 1st over - 0 run(s), 0 hit(s), 0 error(s), 0 left on base; Mancelona 0 - Phoenix 0
BOTTOM OF THE 1ST
Phoenix Hotspur U-21 batting - Pitching for Mancelona Torch : RHP Tomás Vargas
Pitching: RHP Tomás Vargas
Batting: RHB Solomon Norment 0-0: Foul Ball, location: 2F
0-1: Ball
1-1: Swinging Strike
1-2: Strikes out swinging
Batting: LHB Tyler Kinjeketile 0-0: Called Strike
0-1: SINGLE (Line Drive, 34D)
Batting: RHB Takashi Miike 0-0: Foul Ball, location: 2F
0-1: Ball
1-1: Ball
2-1: Called Strike
2-2: SINGLE (Line Drive, 8RS)
Tyler Kinjeketile to second
Batting: RHB Hieronymus Bosch 0-0: Called Strike
0-1: Ball
1-1: Swinging Strike
1-2: Strikes out swinging
Batting: RHB Julián De Paz 0-0: Swinging Strike
0-1: Swinging Strike
0-2: Ball
1-2: Foul Ball, location: 2F
1-2: Foul Ball, location: 2F
1-2: Ball
2-2: Foul Ball, location: 2F
2-2: Ball
3-2: Strikes out looking
Bottom of the 1st over - 0 run(s), 2 hit(s), 0 error(s), 2 left on base; Mancelona 0 - Phoenix 0
TOP OF THE 2ND
Mancelona Torch batting - Pitching for Phoenix Hotspur U-21 : LHP Ismael Lara
Batting: LHB Jorge Morín 0-0: Ball
1-0: Called Strike
1-1: Foul Ball, location: 2F
1-2: Ball
2-2: Ball
3-2: Strikes out swinging
Batting: RHB José Córdova 0-0: Ball
1-0: Ball
2-0: Swinging Strike
2-1: Swinging Strike
2-2: Strikes out swinging
Batting: RHB Alex Vaske 0-0: SINGLE (Line Drive, 56)
Batting: RHB Kyle Vandenbrink Pickoff Throw to First - Out!
Top of the 2nd over - 0 run(s), 1 hit(s), 0 error(s), 0 left on base; Mancelona 0 - Phoenix 0
BOTTOM OF THE 2ND
Phoenix Hotspur U-21 batting - Pitching for Mancelona Torch : RHP Tomás Vargas
Batting: RHB Juan Negrete 0-0: Ball
1-0: Called Strike
1-1: Ball
2-1: Called Strike
2-2: Ball
3-2: Ground out 4-3 (Groundball, 4M)
Batting: RHB Germán Alfaro 0-0: Ball
1-0: Foul Ball, location: 2F
1-1: SINGLE (Popup, 4MD)
Batting: LHB Corey Ferguson 0-0: Called Strike
0-1: Ball
1-1: Ball
2-1: Ball
3-1: DOUBLE (Line Drive, 9LM)
Germán Alfaro to third
Batting: RHB Bill Erickson 0-0: Ball
1-0: Called Strike
1-1: Swinging Strike
1-2: Ground out 5-3 (Groundball, 56)
Germán Alfaro scores
Batting: RHB Solomon Norment 0-0: Called Strike
0-1: Foul Ball, location: 2F
0-2: SINGLE (Groundball, 34S) (infield hit)
Corey Ferguson to third
Batting: LHB Tyler Kinjeketile 0-0: Ball
1-0: Fly out, F9 (Flyball, 9LM)
Bottom of the 2nd over - 1 run(s), 3 hit(s), 0 error(s), 2 left on base; Mancelona 0 - Phoenix 1
TOP OF THE 3RD
Mancelona Torch batting - Pitching for Phoenix Hotspur U-21 : LHP Ismael Lara
Batting: RHB Kyle Vandenbrink 0-0: Called Strike
0-1: Swinging Strike
0-2: Strikes out looking
Batting: RHB Bob Mager 0-0: Called Strike
0-1: Ball
1-1: Foul Ball, location: 2F
1-2: Ball
2-2: SINGLE (Flyball, 9LS)
Batting: LHB Yataro Matsuura 0-0: Called Strike
0-1: Ball
1-1: Foul Ball, location: 2F
1-2: Grounds into double play, 4-6-3 (Groundball, 4)
Top of the 3rd over - 0 run(s), 1 hit(s), 0 error(s), 0 left on base; Mancelona 0 - Phoenix 1
BOTTOM OF THE 3RD
Phoenix Hotspur U-21 batting - Pitching for Mancelona Torch : RHP Tomás Vargas
Batting: RHB Takashi Miike 0-0: Ball
1-0: Swinging Strike
1-1: Ground out 5-3 (Groundball, 56S)
Batting: RHB Hieronymus Bosch 0-0: Called Strike
0-1: Ball
1-1: Called Strike
1-2: Foul Ball, location: 2F
1-2: Fly out, F9 (Flyball, 9LMF)
Batting: RHB Julián De Paz 0-0: Foul Ball, location: 2F
0-1: Ball
1-1: Ball
2-1: Foul Ball, location: 2F
2-2: Foul Ball, location: 2F
2-2: Foul Ball, location: 2F
2-2: Foul Ball, location: 2F
2-2: Ball
3-2: Foul Ball, location: 2F
3-2: Foul Ball, location: 2F
3-2: Ground out 6-3 (Groundball, 6)
Bottom of the 3rd over - 0 run(s), 0 hit(s), 0 error(s), 0 left on base; Mancelona 0 - Phoenix 1
TOP OF THE 4TH
Mancelona Torch batting - Pitching for Phoenix Hotspur U-21 : LHP Ismael Lara
Batting: LHB José Hernández 0-0: Called Strike
0-1: Ball
1-1: Ball
2-1: Foul Ball, location: 2F
2-2: Strikes out looking
Batting: RHB Blake Snow 0-0: Swinging Strike
0-1: Called Strike
0-2: Strikes out looking
Batting: RHB Todd Sentell 0-0: Ball
1-0: Ball
2-0: Ball
3-0: Called Strike
3-1: Base on Balls
Batting: LHB Jorge Morín 0-0: Ball
Balk!
Todd Sentell to second
1-0: Swinging Strike
1-1: Foul Ball, location: 2F
1-2: SINGLE (Flyball, 78S)
Todd Sentell to third
Runner from 3rd tries for Home, SAFE, no throw
Batting: RHB José Córdova 0-0: Ball
1-0: Foul Ball, location: 2F
1-1: Swinging Strike
1-2: Fly out, F9 (Flyball, 9S)
Top of the 4th over - 1 run(s), 1 hit(s), 0 error(s), 1 left on base; Mancelona 1 - Phoenix 1
BOTTOM OF THE 4TH
Phoenix Hotspur U-21 batting - Pitching for Mancelona Torch : RHP Tomás Vargas
Batting: RHB Juan Negrete 0-0: Called Strike
0-1: Foul Ball, location: 2F
0-2: Ball
1-2: Foul Ball, location: 2F
1-2: Foul Ball, location: 2F
1-2: Ground out 5-3 (Groundball, 56S)
Batting: RHB Germán Alfaro 0-0: Called Strike
0-1: Swinging Strike
0-2: Foul Ball, location: 2F
0-2: Strikes out looking
Batting: LHB Corey Ferguson 0-0: Called Strike
0-1: Ball
1-1: SINGLE (Groundball, 4MD)
Batting: RHB Bill Erickson 0-0: Swinging Strike
0-1: Ball
1-1: Swinging Strike
1-2: Fly out, F9 (Flyball, 9)
Bottom of the 4th over - 0 run(s), 1 hit(s), 0 error(s), 1 left on base; Mancelona 1 - Phoenix 1
TOP OF THE 5TH
Mancelona Torch batting - Pitching for Phoenix Hotspur U-21 : LHP Ismael Lara
Batting: RHB Alex Vaske 0-0: Ball
1-0: Ball
2-0: SINGLE (Line Drive, 8LM)
Batting: RHB Kyle Vandenbrink 0-0: Sac Bunt - play at first, batter OUT! 1-3
Alex Vaske to second
Batting: RHB Bob Mager 0-0: Foul Ball, location: 2F
0-1: Ball
1-1: Fly out, F4 (Line Drive, 4)
Lined into DP, 4-6 (Line Drive, 4)
Top of the 5th over - 0 run(s), 1 hit(s), 0 error(s), 0 left on base; Mancelona 1 - Phoenix 1
BOTTOM OF THE 5TH
Phoenix Hotspur U-21 batting - Pitching for Mancelona Torch : RHP Tomás Vargas
Batting: RHB Solomon Norment 0-0: Called Strike
0-1: Ball
1-1: Foul Ball, location: 2F
1-2: Ball
2-2: Ball
3-2: Base on Balls
Batting: LHB Tyler Kinjeketile 0-0: Sac Bunt - play at first, batter OUT! 1-4
Solomon Norment to second
Batting: RHB Takashi Miike 0-0: Ball
1-0: Ball
2-0: Called Strike
2-1: Ground out 6-3 (Groundball, 6)
Solomon Norment to third
Batting: RHB Hieronymus Bosch 0-0: Called Strike
0-1: Swinging Strike
0-2: Foul Ball, location: 2F
0-2: Fly out, F7 (Flyball, 78D)
Bottom of the 5th over - 0 run(s), 0 hit(s), 0 error(s), 1 left on base; Mancelona 1 - Phoenix 1
TOP OF THE 6TH
Mancelona Torch batting - Pitching for Phoenix Hotspur U-21 : LHP Ismael Lara
Batting: LHB Yataro Matsuura 0-0: Ball
1-0: Called Strike
1-1: SINGLE (Groundball, 56S) (infield hit)
Batting: LHB José Hernández 0-0: Bunted foul
0-1: Bunted foul
0-2: Foul Ball, location: 2F
0-2: Ball
1-2: Ball
2-2: Ball
3-2: Strikes out swinging
Batting: RHB Blake Snow 0-0: DOUBLE (Groundball, 5L)
Yataro Matsuura to third
Batting: RHB Todd Sentell 0-0: Called Strike
0-1: Fly out, F8 (Flyball, 8LM)
Batting: LHB Jorge Morín 0-0: Ball
1-0: Ball
2-0: Called Strike
2-1: Fly out, F9 (Flyball, 9S)
Top of the 6th over - 0 run(s), 2 hit(s), 0 error(s), 2 left on base; Mancelona 1 - Phoenix 1
BOTTOM OF THE 6TH
Phoenix Hotspur U-21 batting - Pitching for Mancelona Torch : RHP Tomás Vargas
Batting: RHB Julián De Paz 0-0: Called Strike
0-1: Fly out, F9 (Flyball, 9)
Batting: RHB Juan Negrete 0-0: Foul Ball, location: 2F
0-1: Swinging Strike
0-2: Ball
1-2: Strikes out swinging
Batting: RHB Germán Alfaro 0-0: Ball
1-0: Ground out 5-3 (Groundball, 5S)
Bottom of the 6th over - 0 run(s), 0 hit(s), 0 error(s), 0 left on base; Mancelona 1 - Phoenix 1
TOP OF THE 7TH
Mancelona Torch batting - Pitching for Phoenix Hotspur U-21 : LHP Ismael Lara
Batting: RHB José Córdova 0-0: Swinging Strike
0-1: Swinging Strike
0-2: Ball
1-2: Strikes out swinging
Batting: RHB Alex Vaske 0-0: Called Strike
0-1: Foul Ball, location: 2F
0-2: Foul Ball, location: 2F
0-2: Ball
1-2: Ground out 5-3 (Groundball, 5)
Batting: RHB Kyle Vandenbrink 0-0: Ball
1-0: Called Strike
1-1: Foul Ball, location: 2F
1-2: Foul Ball, location: 2F
1-2: Ball
2-2: SINGLE (Groundball, 6MD)
Batting: RHB Bob Mager 0-0: Ball
Kyle Vandenbrink steals 2nd base
1-0: Ball
2-0: Called Strike
2-1: Called Strike
2-2: Ground out 6-3 (Groundball, 6)
Top of the 7th over - 0 run(s), 1 hit(s), 0 error(s), 1 left on base; Mancelona 1 - Phoenix 1
BOTTOM OF THE 7TH
Phoenix Hotspur U-21 batting - Pitching for Mancelona Torch : RHP Tomás Vargas
Batting: LHB Corey Ferguson 0-0: Ball
1-0: Called Strike
1-1: Ball
2-1: Ball
3-1: Base on Balls
Pitching: RHP Arturo Guerrero
Batting: RHB Bill Erickson 0-0: Fly out, F8 (Flyball, 78D)
Batting: RHB Solomon Norment 0-0: Called Strike
0-1: Foul Ball, location: 2F
0-2: Ball
1-2: Foul Ball, location: 2F
1-2: Ball
2-2: Ball
3-2: Foul Ball, location: 2F
3-2: Fly out, F9 (Line Drive, 9)
Batting: LHB Tyler Kinjeketile 0-0: DOUBLE (Flyball, 9LM)
Corey Ferguson to third
Batting: RHB Takashi Miike 0-0: Ball
1-0: Ball
2-0: Called Strike
2-1: Swinging Strike
2-2: Strikes out swinging
Bottom of the 7th over - 0 run(s), 1 hit(s), 0 error(s), 2 left on base; Mancelona 1 - Phoenix 1
TOP OF THE 8TH
Mancelona Torch batting - Pitching for Phoenix Hotspur U-21 : LHP Ismael Lara
Pinch Hitting: RHB Félix Martínez 0-0: Called Strike
0-1: Called Strike
0-2: Fly out, F8 (Flyball, 8RM)
Batting: LHB José Hernández 0-0: Ball
1-0: Fly out, F8 (Flyball, 8LD)
Batting: RHB Blake Snow 0-0: Called Strike
0-1: Ball
1-1: Foul Ball, location: 2F
1-2: Strikes out looking
Top of the 8th over - 0 run(s), 0 hit(s), 0 error(s), 0 left on base; Mancelona 1 - Phoenix 1
BOTTOM OF THE 8TH
Phoenix Hotspur U-21 batting - Pitching for Mancelona Torch : RHP Arturo Guerrero
Now at 1B: Félix Martínez
Batting: RHB Hieronymus Bosch 0-0: Called Strike
0-1: Ball
1-1: Ball
2-1: Foul Ball, location: 2F
2-2: Ball
3-2: Fly out, F7 (Flyball, 7)
Batting: RHB Julián De Paz 0-0: Called Strike
0-1: Foul Ball, location: 2F
0-2: Fly out, F9 (Flyball, 9D)
Batting: RHB Juan Negrete 0-0: Foul Ball, location: 2F
0-1: Ball
1-1: Ball
2-1: Ground out 6-3 (Groundball, 6)
Bottom of the 8th over - 0 run(s), 0 hit(s), 0 error(s), 0 left on base; Mancelona 1 - Phoenix 1
TOP OF THE 9TH
Mancelona Torch batting - Pitching for Phoenix Hotspur U-21 : LHP Ismael Lara
Pitching: RHP Richard Osborn
Batting: RHB Todd Sentell 0-0: Ball
1-0: Foul Ball, location: 2F
1-1: Foul Ball, location: 2F
1-2: Foul Ball, location: 2F
1-2: Ball
2-2: Foul Ball, location: 2F
2-2: Strikes out swinging
Batting: LHB Jorge Morín 0-0: Ball
1-0: Swinging Strike
1-1: SINGLE (Groundball, 56D)
Pinch Runner at 1st Armando Pacheco:
Batting: RHB José Córdova 0-0: Foul Ball, location: 2F
0-1: Ball
1-1: Called Strike
1-2: Fly out, F9 (Flyball, 89M)
Pinch Hitting: RHB Jim Unknown 0-0: Called Strike
0-1: Ball
1-1: Swinging Strike
1-2: Strikes out looking
Top of the 9th over - 0 run(s), 1 hit(s), 0 error(s), 1 left on base; Mancelona 1 - Phoenix 1
BOTTOM OF THE 9TH
Phoenix Hotspur U-21 batting - Pitching for Mancelona Torch : RHP Arturo Guerrero
Now at C: Tony Walsh
Now at 2B: Armando Pacheco
Batting: RHB Germán Alfaro 0-0: Ball
1-0: Ball
2-0: Called Strike
2-1: Swinging Strike
2-2: Strikes out swinging, 2-3 out at first.
Batting: LHB Corey Ferguson 0-0: Ball
1-0: Ball
2-0: Swinging Strike
2-1: Swinging Strike
2-2: Foul Ball, location: 2F
2-2: Strikes out swinging
Pinch Hitting: LHB Ramón Hidalgo 0-0: Called Strike
0-1: Ball
1-1: Called Strike
1-2: Ball
2-2: Strikes out swinging
Bottom of the 9th over - 0 run(s), 0 hit(s), 0 error(s), 0 left on base; Mancelona 1 - Phoenix 1
TOP OF THE 10TH
Mancelona Torch batting - Pitching for Phoenix Hotspur U-21 : RHP Jim Unknown
Pitching: RHP Jim Unknown
Now at 3B: Elvis Norfleet
Batting: RHB Kyle Vandenbrink 0-0: Swinging Strike
0-1: Ball
1-1: Foul Ball, location: 2F
1-2: Strikes out swinging
Pinch Hitting: RHB Jim Unknown 0-0: Called Strike
0-1: Ball
1-1: Foul Ball, location: 2F
1-2: Ball
2-2: SINGLE (Groundball, 56D)
Pinch Hitting: LHB Alberto Hernández 0-0: Called Strike
0-1: Ball
1-1: Fielders Choice at 2nd, 4-6 (Groundball, 4)
Batting: LHB José Hernández 0-0: Ball
1-0: Foul Ball, location: 2F
1-1: Ball
2-1: Called Strike
2-2: Hit by Pitch
Alberto Hernández to second
Pinch Hitting: RHB Juan Hernández 0-0: Ball
1-0: Foul Ball, location: 2F
1-1: Ball
2-1: Fly out, F9 (Flyball, 9LMF)
Top of the 10th over - 0 run(s), 1 hit(s), 0 error(s), 2 left on base; Mancelona 1 - Phoenix 1
BOTTOM OF THE 10TH
Phoenix Hotspur U-21 batting - Pitching for Mancelona Torch : RHP Arturo Guerrero
Now at 1B: Jim Halpert
Now at 3B: Juan Hernández
Now in LF: Jim Unknown
Batting: RHB Solomon Norment 0-0: Ball
1-0: Foul Ball, location: 2F
1-1: Foul Ball, location: 2F
1-2: Foul Ball, location: 2F
1-2: Foul Ball, location: 2F
1-2: Foul Ball, location: 2F
1-2: Foul Ball, location: 2F
1-2: Ball
2-2: Ground out 4-3 (Groundball, 4)
Batting: LHB Tyler Kinjeketile 0-0: Ball
1-0: Called Strike
1-1: Swinging Strike
1-2: Ball
2-2: Ball
3-2: Base on Balls
Pinch Runner at 1st Huey Wood:
Batting: RHB Takashi Miike 0-0: Ball
1-0: Ball
2-0: Called Strike
2-1: Ball
3-1: Called Strike
3-2: Base on Balls
Huey Wood to second
Batting: RHB Hieronymus Bosch 0-0: Called Strike
0-1: Ball
1-1: Grounds into double play, 5-4-3 (Groundball, 5)
Bottom of the 10th over - 0 run(s), 0 hit(s), 0 error(s), 1 left on base; Mancelona 1 - Phoenix 1
TOP OF THE 11TH
Mancelona Torch batting - Pitching for Phoenix Hotspur U-21 : RHP Jim Unknown
Now in RF: Roldan Martir
Batting: RHB Todd Sentell 0-0: Foul Ball, location: 2F
0-1: Swinging Strike
0-2: Strikes out swinging
Batting: RHB Armando Pacheco 0-0: Fly out, F8 (Flyball, 8LM)
Batting: RHB José Córdova 0-0: Swinging Strike
0-1: Ball
1-1: Called Strike
1-2: Foul Ball, location: 2F
1-2: Ball
2-2: Strikes out swinging
Top of the 11th over - 0 run(s), 0 hit(s), 0 error(s), 0 left on base; Mancelona 1 - Phoenix 1
BOTTOM OF THE 11TH
Phoenix Hotspur U-21 batting - Pitching for Mancelona Torch : RHP Arturo Guerrero
Batting: RHB Julián De Paz 0-0: Called Strike
0-1: Foul Ball, location: 2F
0-2: Foul Ball, location: 2F
0-2: Ball
1-2: SINGLE (Flyball, 5D)
Pitching: RHP Juan Reyes
Batting: RHB Juan Negrete 0-0: Sac Bunt - play at first, batter safe!
Julián De Paz to second
Batting: RHB Germán Alfaro 0-0: Called Strike
0-1: Called Strike
0-2: SINGLE (Groundball, 6MD)
Julián De Paz to third
Juan Negrete to second
Runner from 3rd tries for Home, SAFE, throw made home
Monday, March 20th, 2017 - OOTP Baseball 17.12 Build 75